 Dungeon Crawl Stone Soup version 0.19.0-2-gae57169 (webtiles) character file.

48 spe3d0 the Shield-Bearer (level 3, -3/29 HPs)
             Began as a Demonspawn Fighter on Nov 5, 2016.
             Slain by Natasha (6 damage)
             ... on level 2 of the Dungeon.
             The game lasted 00:01:35 (1104 turns).

spe3d0 the Shield-Bearer (Demonspawn Fighter)       Turns: 1104, Time: 00:01:36

Health: -3/29      AC:  6    Str: 21    XL:     3   Next: 50%
Magic:  3/3        EV:  7    Int:  9    God:
Gold:   134        SH:  9    Dex: 13    Spells: 0 memorised, 2 levels left

rFire  . . .     SeeInvis .     a - +0 long sword
rCold  . . .     Gourm    .     b - +0 scale mail
rNeg   . . .     Faith    .     c - +0 shield
rPois  .         Spirit   .     (no helmet)
rElec  .         Reflect  .     (no cloak)
rCorr  .         Harm     .     (no gloves)
MR     .....                    (no boots)
Stlth  ..........               (no amulet)
                                (no ring)
                                (no ring)

@: mighty, slowed, very slow
A: talons 1
a: no special abilities


You were on level 2 of the Dungeon.
You were hungry.

You visited 1 branch of the dungeon, and saw 2 of its levels.

You collected 134 gold pieces.


Innate Abilities, Weirdness & Mutations

You have sharp toenails.


   Skills:
 - Level 3.0 Fighting
 * Level 2.3 Long Blades
 * Level 3.1 Armour
 * Level 3.3 Shields


You had 2 spell levels left.
You didn't know any spells.

Inventory:

Hand Weapons
 a - a +0 long sword (weapon)
Armour
 b - a +0 scale mail (worn)
 c - a +0 shield (worn)
Scrolls
 e - a scroll of teleportation {unknown}
 g - a scroll of noise {unknown}
 h - 2 scrolls of identify {unknown}
 m - a scroll of recharging {unknown}
Potions
 i - 3 potions of curing {unknown}
 j - a potion of berserk rage {unknown}
 k - a potion of brilliance {unknown}
Comestibles
 f - a bread ration {@e1}
 l - a meat ration {@e1}

Dungeon Overview and Level Annotations

Branches:
Dungeon (2/15)

Altars:

Annotations:
D:2 Natasha

#..#.......#
#..................
...#.....###
#..................
##.#.....# #
#.....###.#...#.###
.....#####
#.#.....# #.#...#.#
..>### ####.......#
#.#...#.# ##.#
..####.#### #.#...#
. #.# #.# #.#...#
###.####5# #.. .. #
#......h@#
###.##.#.######
..!....#.# #......#
########


You could see Natasha and a white imp.


Message History

Okay, then.
Wear which item? (? for menu, Esc to quit)
Okay, then.
You feel very mighty all of a sudden.
You feel sick.
You barely miss Natasha. You claw Natasha.
Natasha is moderately wounded.
Natasha claws you.
* * * LOW HITPOINT WARNING * * *
Natasha claws you.
* * * LOW HITPOINT WARNING * * *
You slash Natasha! Your kick misses Natasha.
Natasha is almost dead.
You feel sick. You block Natasha's attack.
Natasha stares at you and mumbles some strange words.
You resist with significant effort.
You closely miss Natasha.
Natasha is almost dead.
You block Natasha's attack.
Natasha mumbles some strange words.
You feel troubled.
Natasha mumbles some strange words.
You closely miss Natasha. Your kick misses Natasha.
Natasha is almost dead.
You feel sick.
You are no longer poisoned.
Natasha claws you.
* * * LOW HITPOINT WARNING * * *
Natasha claws you.
You die...

Skill      XL: |  1  2 |
---------------+-------+-----
Shields        | 3 |  3.3
Long Blades    | 2 |  2.3
Armour         | 3 |  3.1
Fighting       | |  3.0

Action                   || total
-------------------------++-------
Melee: Long sword        ||   130
       Kick              ||    22
  Use: Potion            ||     1
Armor: Scale mail        ||    94
Dodge: Dodged            ||    46
Block: Shield            ||    73
       Rpst.: Long sword ||    13

Vault maps used:
D:1:      minmay_arrival_glassed_features, minmay_lizard_pond
D:2:      okawaru_altar_gauntlet_db, uniq_iyjb, uniq_jessica, uniq_natasha,
          uniq_crazy_yiuf_cottage, uniq_robin

Notes
Turn   | Place    | Note
-------+----------+-------------------------------------------
     0 | D:1      | spe3d0 the Demonspawn Fighter began the quest for the Orb.
     0 | D:1      | Reached XP level 1. HP: 18/18 MP: 1/1
   217 | D:1      | Reached skill level 3 in Shields
   224 | D:1      | Gained mutation: You have sharp toenails. [demonic ancestry]
   224 | D:1      | Reached XP level 2. HP: 24/24 MP: 2/2
   333 | D:1      | Reached skill level 2 in Long Blades
   499 | D:1      | Reached skill level 3 in Armour
   898 | D:2      | Reached XP level 3. HP: 25/29 MP: 3/3
  1090 | D:2      | Noticed Natasha
  1104 | D:2      | Slain by Natasha

Vanquished Creatures
  2 adders (D:2)
  A leopard gecko (D:1)
  4 bats
  5 giant cockroaches
  2 goblins (D:1)
  3 hobgoblins (D:1)
  2 kobolds (D:2)
  A ball python (D:1)
  6 frilled lizards (D:1)
  4 rats (D:1)
30 creatures vanquished.
